 Dungeon Crawl Stone Soup version 0.27.1 (webtiles) character file.

Game seed: 1234471041950063769

12775 MajorAdolf the Covert (level 11, -11/108 HPs)
             Began as a Naga Wanderer on Sept 2, 2021.
             Was an Initiate of Gozag.
             Killed from afar by Frances (44 damage)
             ... with an iron shot
             ... on level 12 of the Dungeon.
             The game lasted 00:35:03 (23701 turns).

MajorAdolf the Covert (Naga Wanderer)              Turns: 23701, Time: 00:35:04

Health: -11/108    AC: 13    Str: 19    XL:     11   Next: 98%
Magic:  20/20      EV:  8    Int: 14    God:    Gozag
Gold:   449        SH:  0    Dex: 14    Spells: 10/10 levels left

rFire    + + +     SeeInvis +   t - +7 great mace "Firestarter" {inner flame, rF++}
rCold    + . .     Faith    .   (shield currently unavailable)
rNeg     + . .     Spirit   .   P - +5 scale mail "Maome" {rF+ rC+ rN+ MP+9}
rPois    +         Reflect  .   (no helmet)
rElec    .         Harm     .   (no cloak)
rCorr    +         Rampage  .   J - +0 pair of gloves
Will     +....                  (no barding)
Stlth    ++++......             (no amulet)
HPRegen  0.28/turn              K - +6 ring of strength
MPRegen  0.17/turn              e - ring of resist corrosion

@: gold aura, very slow
A: AC +3, large, see invisible, deformed body, poison resistance, slowness 2,
spit poison 1, naga tail 1
a: Spit Poison, Renounce Religion, Potion Petition, Call Merchant, Bribe Branch


You were on level 12 of the Dungeon.
You worshipped Gozag.
Gozag was aware of your devotion.
You visited 2 branches of the dungeon, and saw 13 of its levels.

You collected 1950 gold pieces.
You spent 907 gold pieces at shops.
You paid 594 gold pieces to Gozag.

Inventory:

Hand Weapons
 c - a +2 dagger of venom
 g - a +5 dagger
 s - a +0 short sword of holy wrath
 t - the +7 great mace "Firestarter" (weapon) {inner flame, rF++}
   (You found it on level 10 of the Dungeon)

   It burns those it strikes, dealing additional fire damage.
   It fills those it strikes with an explosive inner flame.
   It grants immunity to clouds of flame.
   rF:        It greatly protects you from fire.
Missiles
 m - 208 stones
 v - 90 sling bullets
Armour
 h - a +0 kite shield
 i - a +2 leather armour of poison resistance
 n - a +0 robe of willpower
 J - a +0 pair of gloves (worn)
 P - the +5 scale mail "Maome" (worn) {rF+ rC+ rN+ MP+9}
   (You bought it in a shop on level 10 of the Dungeon)

   rF:        It protects you from fire.
   rC:        It protects you from cold.
   rN:        It protects you from negative energy.
   MP:        It affects your magic capacity (+9).
Magical Staves
 D - a staff of death
 N - a staff of air
Jewellery
 e - a ring of resist corrosion (right hand)
 u - a ring of ice
 A - the ring "Jufrip" {rPois rC+ MP+9 Str-5}
   (You found it on level 7 of the Dungeon)

   [ring of poison resistance]

   Str:       It affects your strength (-5).
   rC:        It protects you from cold.
   rPois:     It protects you from poison.
   MP:        It affects your magic capacity (+9).
 G - a +6 ring of strength
 K - a +6 ring of strength (left hand)
Wands
 x - a wand of digging (5)
 y - a wand of flame (22)
 E - a wand of charming (7)
Scrolls
 a - a scroll of amnesia
 b - 3 scrolls of teleportation
 d - 2 scrolls of fear
 f - a scroll of torment
 j - 2 scrolls of enchant armour
 p - a scroll of vulnerability
 r - 4 scrolls of enchant weapon
 w - 2 scrolls of fog
 C - 2 scrolls of noise {unknown}
 H - a scroll of magic mapping {unknown}
 M - a scroll of blinking {unknown}
Potions
 k - 3 potions of lignification
 l - 2 potions of brilliance {unknown}
 o - 2 potions of heal wounds {unknown}
 q - a potion of invisibility {unknown}
 z - 2 potions of cancellation {unknown}
 B - a potion of might {unknown}
 F - 2 potions of haste {unknown}
 L - a potion of curing
 O - a potion of flight {unknown}
Miscellaneous
 I - a phantom mirror (inert)
 Q - a tin of tremorstones (2/2)


   Skills:
 - Level 10.0 Fighting
 - Level 3.0 Short Blades
 + Level 4.6 Maces & Flails
 + Level 3.3 Armour
 - Level 1.0 Dodging
 - Level 13.0 Stealth
 - Level 7.0 Shields
 + Level 9.3 Evocations


You had 10 spell levels left.
You didn't know any spells.
Your spell library contained the following spells:

 Spells                   Type           Power      Damage    Failure   Level
 Foxfire                  Conj/Fire      0%         2x1d4     63%         1
 Slow                     Hex            0%         N/A       77%         2
 Confusing Touch          Hex            0%         N/A       94%         3
 Conjure Flame            Conj/Fire      0%         6-21      94%         3
 Ignite Poison            Fire/Tmut/Pois 0%         N/A       94%         3
 Inner Flame              Hex/Fire       0%         N/A       94%         3
 Portal Projectile        Hex/Tloc       0%         N/A       94%         3
 Summon Guardian Golem    Hex/Summ       0%         N/A       94%         3
 Airstrike                Air            0%         N/A       100%        4
 Sticky Flame             Conj/Fire      0%         2d3       100%        4
 Summon Lightning Spire   Summ/Air       0%         N/A       100%        4
 Blade Hands              Tmut           0%         N/A       100%        5
 Excruciating Wounds      Necr           0%         N/A       100%        5
 Lightning Bolt           Conj/Air       0%         1d11      100%        5
 Yara's Violent Unravell  Hex/Tmut       0%         3d3       100%        5
 Orb of Destruction       Conj           0%         N/A       100%        7
 Spellforged Servitor     Conj/Summ      0%         N/A       100%        7


Dungeon Overview and Level Annotations

Branches:
Dungeon (12/15)            Temple (1/1) D:4            Lair (0/6) D:11
    Orc: D:9-12

Altars:
Ashenzari
Cheibriados
Dithmenos
Elyvilon
Fedhas
Gozag
Hepliaklqana
Kikubaaqudgha
Makhleb
Nemelex Xobeh
Okawaru
Qazlal
Ru
Sif Muna
Trog
Uskayaw
Vehumet
Wu Jian
Xom
Yredelemnul
Zin
The Shining One
Lugonu

Shops:
D:10 [

Annotations:
D:11 exclusions: downstairs and orange crystal statue
D:12 Frances


Innate Abilities, Weirdness & Mutations

Your serpentine skin is tough. (AC +3)
You have supernaturally acute eyesight. (SInv)
Armour fits poorly on your strangely shaped body.
Your system is resistant to poisons. (rPois)
You cover ground very slowly.
You can spit poison.
You have a snake-like lower body.


Message History

The two-headed ogre hits you with a +0 giant club!
The two-headed ogre barely misses you.
Your scale mail "Maome" prevents you from hitting the two-headed ogre.
The two-headed ogre is lightly wounded.
You have got your breath back.
The two-headed ogre's inner flame fades away.
The two-headed ogre barely misses you.
The two-headed ogre hits you with a +0 giant spiked club.
You bludgeon the two-headed ogre!! You burn the two-headed ogre.
The two-headed ogre is filled with an inner flame.
The two-headed ogre is severely wounded.
The two-headed ogre hits you with a +0 giant club!!
The two-headed ogre hits you with a +0 giant spiked club.
You sock the two-headed ogre! You burn the two-headed ogre.
The two-headed ogre explodes!
The fiery explosion engulfs you. You resist.
The tree burns like a torch!
You hear a shout! x2
Unknown command.
You start resting.
Frances is nearby!
Frances is nearby!
Frances mutters in a terrible tongue.
Frances seems to speed up.
Frances is engulfed in blazing flames.
Frances whispers indecipherable words.
Frances chants phrases taken from a devil's mouth.
Frances hits you with a +1 vorpal war axe!!
Things that are here:
28 arrows; a +0 shortbow Unknown command.
Okay, then.
Aiming: Phantom Mirror
Press: ? - help, Dir - move target, f - Frances
Aim: Frances, wielding a +1 vorpal war axe and wearing a +0 chain mail (lightly wounded, fast)
You reflect Frances with the mirror!
The mirror clouds!
Frances hits Frances with a +1 vorpal war axe!
Frances screams a word of power!
The iron shot hits you!!!
You die...
Your body crumbles into a pile of gold.

#..#......#'
#..#.≈.....# .
#..##♣##♣.K# .#
#♣.4..#.≈..# ...
#....# ...# .#..
#...4#♣#####....#
###...@.♣....#
)....^.#.@...##.#
##########@##...#
#(##.### #(##.#
#[##.# #(##.#
#<##.#
######.##.#
#......##.#
#.######


You could see Frances (fast, ally target), a hellwing (summoned), an ice devil
(summoned) and the friendly Frances (summoned, fast, drained).

Vanquished Creatures
  Snorg (D:12)
  A fire dragon (D:10)
  A hydra (D:12)
  2 two-headed ogres
  Pikel (D:7)
  3 cyclopes
  A gargoyle (D:10)
  An unseen horror (D:10)
  2 kobold demonologists (D:12)
  A komodo dragon (D:11)
  2 trolls
  A water elemental (D:11)
  2 basilisks (D:11)
  3 wyverns
  A steam dragon (D:11)
  6 fire bats (D:10)
  An acid dragon (D:11)
  A water moccasin (D:5)
  2 orc warriors
  An ice beast (D:7)
  An ogre (D:4)
  A necrophage (D:7)
  7 centaurs
  A lemure (D:7)
  2 kobold brigands (D:7)
  3 bullfrogs
  3 scorpions (D:5)
  10 wights
  3 howler monkeys (D:9)
  3 electric eels (D:11)
  4 crimson imps
  3 jellies
  3 centaur zombies
  A gnoll shaman (D:7)
  A bullfrog zombie (D:5)
  2 hounds
  10 orc priests
  A bullfrog skeleton (D:6)
  2 iguanas
  Natasha (thrice) (D:1)
  6 orc wizards
  Terence (D:2)
  6 adders
  8 gnolls
  2 shadow imps
  An adder skeleton (D:4)
  2 worms
  5 dart slugs
  35 orcs
  3 endoplasms (D:1)
  3 giant cockroaches
  5 hobgoblins
  3 jackals (D:4)
  13 kobolds
  8 ball pythons
  4 bats
  8 frilled lizards
  6 goblins
  6 rats
223 creatures vanquished.

Vanquished Creatures (collateral kills)
  A hydra (D:11)
  A komodo dragon (D:11)
2 creatures vanquished.

Vanquished Creatures (others)
  An orc wizard (D:8)
  8 demonic plants (D:12)
  19 plants
28 creatures vanquished.

Grand Total: 253 creatures vanquished

Notes
Turn   | Place    | Note
-------+----------+-------------------------------------------
     0 | D:1      | MajorAdolf the Naga Wanderer began the quest for the Orb.
     0 | D:1      | MajorAdolf set off with the following items: a +2 short
                  | sword, a scroll of teleportation, a potion of curing, a +0
                  | robe
     0 | D:1      | Reached XP level 1. HP: 22/22 MP: 1/1
   280 | D:1      | Reached XP level 2. HP: 31/31 MP: 2/2
   770 | D:1      | Found a faded altar of an unknown god.
  1054 | D:2      | Noticed Natasha
  1065 | D:1      | Killed Natasha
  1066 | D:1      | Reached skill level 2 in Stealth
  1066 | D:1      | Reached XP level 3. HP: 8/37 MP: 3/3
  1342 | D:1      | Noticed Natasha
  1359 | D:1      | Killed Natasha
  1360 | D:1      | Reached XP level 4. HP: 15/45 MP: 4/4
  1764 | D:1      | Noticed Natasha
  1770 | D:1      | Killed Natasha
  1797 | D:1      | Found a faded altar of an unknown god.
  2121 | D:2      | Reached skill level 1 in Shields
  2341 | D:2      | Reached skill level 3 in Stealth
  2365 | D:2      | Found a bloodstained altar of Trog.
  2407 | D:2      | Reached skill level 5 in Fighting
  2407 | D:2      | Reached XP level 5. HP: 39/52 MP: 5/5
  2715 | D:2      | Noticed Terence
  2737 | D:2      | Killed Terence
  3428 | D:3      | Reached skill level 4 in Stealth
  3428 | D:3      | Reached XP level 6. HP: 61/61 MP: 6/6
  3445 | D:3      | HP: 2/61 [gnoll (3)]
  3976 | D:3      | Found a shimmering altar of Xom.
  5081 | D:4      | Found a staircase to the Ecumenical Temple.
  5100 | Temple   | Entered the Ecumenical Temple
  5180 | Temple   | Became a worshipper of Gozag Ym Sagoz the Greedy
  5208 | D:4      | Reached XP level 7. HP: 46/67 MP: 7/7
  5414 | D:4      | Found a blossoming altar of Fedhas.
  5672 | D:4      | Found a basalt altar of Yredelemnul.
  5857 | D:4      | Found a white marble altar of Elyvilon.
  5949 | D:5      | Entered Level 5 of the Dungeon
  5969 | D:5      | Reached skill level 5 in Stealth
  6511 | D:5      | Found a snail-covered altar of Cheibriados.
  6752 | D:5      | Reached skill level 6 in Stealth
  6902 | D:5      | Reached XP level 8. HP: 16/76 MP: 8/8
  7177 | D:5      | Found an ornate altar of the Wu Jian Council.
  8643 | D:6      | Reached skill level 7 in Stealth
 10045 | D:7      | Found a broken altar of Ashenzari.
 10377 | D:7      | Reached skill level 8 in Stealth
 10377 | D:7      | Reached skill level 5 in Evocations
 10791 | D:7      | Reached XP level 9. HP: 28/86 MP: 9/9
 11935 | D:7      | Identified the ring "Jufrip" {rPois rC+ MP+9 Str-5}
 12242 | D:8      | Noticed a troll
 12259 | D:8      | Killed a troll
 12260 | D:8      | Reached skill level 9 in Stealth
 12948 | D:8      | Noticed Pikel
 13132 | D:7      | Killed Pikel
 13520 | D:8      | Reached skill level 5 in Shields
 13839 | D:9      | Reached skill level 10 in Stealth
 14650 | D:9      | Reached XP level 10. HP: 34/73 MP: 10/10
 15843 | D:10     | Entered Level 10 of the Dungeon
 15880 | D:10     | Found an ancient bone altar of Kikubaaqudgha.
 16287 | D:10     | Noticed a gargoyle
 16435 | D:10     | Noticed a fire dragon
 16435 | D:10     | Found the +7 great mace "Firestarter" {inner flame, rF++}
 16536 | D:10     | Found a sparkling altar of Nemelex Xobeh.
 16536 | D:10     | Found a burning altar of Makhleb.
 16539 | D:10     | Found a glowing silver altar of Zin.
 16824 | D:10     | Found a stormy altar of Qazlal.
 16895 | D:11     | Noticed a seven-headed hydra
 16897 | D:11     | Killed a seven-headed hydra
 16898 | D:11     | Reached skill level 11 in Stealth
 17000 | D:11     | Noticed a two-headed ogre
 17005 | D:11     | Found a white marble altar of Elyvilon.
 17220 | D:11     | Noticed an orange crystal statue
 17428 | D:12     | Noticed a four-headed hydra
 17434 | D:12     | Noticed a cyclops
 17438 | D:12     | Noticed Snorg
 17439 | D:12     | Killed a four-headed hydra
 17439 | D:12     | Killed a cyclops
 17444 | D:12     | Killed Snorg
 17445 | D:12     | Reached skill level 12 in Stealth
 17603 | D:12     | Found a corrupted altar of Lugonu.
 17757 | D:12     | Noticed a kobold demonologist
 17775 | D:12     | Killed a kobold demonologist
 17776 | D:12     | Reached XP level 11. HP: 104/106 MP: 11/11
 18063 | D:12     | Noticed a cyclops
 18197 | D:12     | Killed a cyclops
 18721 | D:10     | Killed a fire dragon
 19969 | D:10     | Noticed a cyclops
 20095 | D:9      | HP: 7/162 [orc warrior (14)]
 20473 | D:10     | Killed a cyclops
 21134 | D:10     | Bought a bronze chain mail for 313 gold pieces
 21134 | D:10     | Identified the +4 chain mail of the Saviour {Int+2} (You
                  | bought it in a shop on level 10 of the Dungeon)
 21134 | D:10     | Bought a brightly glowing scale mail for 297 gold pieces
 21134 | D:10     | Identified the +5 scale mail "Maome" {rF+ rC+ rN+ MP+9}
                  | (You bought it in a shop on level 10 of the Dungeon)
 21134 | D:10     | Bought a warped scale mail for 297 gold pieces
 21134 | D:10     | Identified the +3 scale mail of the Disturbing Seas {Dex+6}
                  | (You bought it in a shop on level 10 of the Dungeon)
 21237 | D:12     | Noticed Frances
 21292 | D:10     | Reached skill level 13 in Stealth
 22015 | D:11     | Killed a two-headed ogre
 22016 | D:11     | Reached skill level 10 in Fighting
 23351 | D:11     | Found a staircase to the Lair.
 23663 | D:12     | Noticed a two-headed ogre
 23680 | D:12     | Killed a two-headed ogre
 23701 | D:12     | Killed from afar by Frances

Illustrated notes

Levels and vault maps discovered:
D:1:      lightli_arrival_maybe_door_vault, layout_rooms,
          ebering_ecumenical_altar_sacrificial
D:2:      layout_rooms, basic_altar, minmay_diced_spiral, uniq_natasha,
          uniq_terence
D:3:      layout_loops_cross, led_xom_imps, serial_rivers,
          chequers_serial_rivers_small_b, chequers_serial_rivers_micro_b,
          chequers_serial_rivers_small_a, chequers_serial_rivers_room_b,
          chequers_serial_rivers_small_3, kennysheep_big_empty_room,
          glass_columns_a, bh_walls_and_bars
D:4:      layout_rooms, kennysheep_ying_yang, fedhas_ov_isle_minmay,
          minmay_temple_entry_slanted, chequers_serial_rivers_small_3,
          dk_rats_in_the_wall
D:5:      layout_rooms, mainiacjoe_overflow_paths,
          mainiacjoe_overflow_concentric_impassable
D:6:      layout_basic, portal_sewer_entry_b
D:7:      layout_loops_cross, lemuel_crystal_altar
D:8:      layout_gridville, uniq_pikel
D:9:      layout_basic, roderic_serpentine_path, dk_noncrumbling_4
D:10:     minmay_firetagon, layout_loops_cross, grunt_qazlal_clouds,
          gammafunk_temple_overflow_claw, mainiacjoe_overflow_surrounded_room
D:11:     layout_big_octagon, erik_lair_dragon, chequers_big_river,
          minivault_15, elyvilon_altar_4
D:12:     kennysheep_kobold_lugonu_temple, layout_loops_ring,
          kennysheep_orc_monster_closet_entryway, gammafunk_ghost_stat_death,
          uniq_snorg, uniq_josephine, uniq_frances
Temple:   compressed_dpeg_circular_temple

Skill      XL: |  1  2  3  4  5  6  7  8  9 10 11 |
---------------+----------------------------------+-----
Stealth        | 2 3 4 6 8 10 12 13 | 13.0
Shields        | 1 2 3 4 5 6 7 |  7.0
Fighting       | 5 6 7 8 9 10 | 10.0
Short Blades   | 2 3 |  3.0
Evocations     | 2 3 5 6 8 9 |  9.3
Maces & Flails | 4 |  4.6
Armour         | 3 |  3.3
Dodging        | |  1.0

Action                   |  1- 3 |  4- 6 |  7- 9 | 10-12 || total
-------------------------+-------+-------+-------+-------++-------
Melee: Short sword       |    36 |   230 |   281 |     1 ||   548
       Dagger            |       |       |   265 |   143 ||   408
       Great mace        |       |       |       |    76 ||    76
Invok: Call Merchant     |       |       |       |     1 ||     1
 Abil: Spit Poison       |    16 |    26 |    22 |     8 ||    72
Evoke: Wand              |       |       |       |    18 ||    18
       Phantom mirror    |       |       |       |     5 ||     5
  Use: Scroll            |       |     4 |     1 |     3 ||     8
       Potion            |       |     2 |     2 |     1 ||     5
 Stab: Sleeping          |     1 |     5 |     7 |     6 ||    19
       Distracted        |       |       |     2 |     1 ||     3
Armor: Robe              |     3 |       |       |       ||     3
       Leather armour    |     6 |   105 |   115 |    75 ||   301
       Skin              |       |       |    43 |     8 ||    51
       Scale mail        |       |       |       |    34 ||    34
Dodge: Dodged            |    19 |   102 |   159 |    93 ||   373
Block: Kite shield       |       |    76 |   243 |    96 ||   415
